 Dungeon Crawl Stone Soup version 0.21-a0-321-g91e3373 (webtiles) character file.

11814 KristoblXynda the Spear-Bearer (level 11, -10/77 HPs)
             Began as a Purple Draconian Transmuter on Sept 30, 2017.
             Was an Elder of Vehumet.
             Mangled by Snorg (12 damage)
             ... on level 11 of the Dungeon.
             The game lasted 00:46:20 (12306 turns).

KristoblXynda the Spear-Bearer (DrTm)              Turns: 12306, Time: 00:46:21

Health: -10/77     AC: 10    Str: 15    XL:     11   Next: 54%
Magic:  18/24      EV: 19    Int: 15    God:    Vehumet [****..]
Gold:   375        SH:  0    Dex: 12    Spells: 13/24 levels left

rFire    + . .     SeeInvis +   n - +2 spear (distort)
rCold    + + .     Gourm    .   (no shield)
rNeg     . . .     Faith    .   (armour unavailable)
rPois    +         Spirit   .   j - +0 hat {SInv}
rElec    .         Reflect  .   B - scarf {rC+ rF+}
rCorr    .         Harm     .   G - +1 pair of gloves {Str+3}
MR       +....                  J - +0 pair of boots (curse)
Stlth    +++.......             (no amulet)
HPRegen  0.22/turn              y - +5 ring of evasion
MPRegen  0.19/turn              C - ring of poison resistance

@: very slightly contaminated, invisible
A: breathe power, unfitting armour, blink, cold resistance 1, high mp 1, weak 1,
cold-blooded, AC +7
a: Breathe Dispelling Energy, Blink, Renounce Religion


You were on level 11 of the Dungeon.
You worshipped Vehumet.
Vehumet was greatly pleased with you.
You were not hungry.

You visited 2 branches of the dungeon, and saw 12 of its levels.

You collected 589 gold pieces.
You spent 214 gold pieces at shops.

Inventory:

Hand Weapons
 n - a +2 spear of distortion (weapon)
Missiles
 s - a throwing net (quivered)
Armour
 j - a +0 hat of see invisible (worn)
 B - a scarf of resistance (worn)
 G - a +1 pair of gloves of strength (worn)
 J - a cursed +0 pair of boots (worn)
Jewellery
 a - a +2 ring of dexterity
 h - an uncursed ring of protection from magic
 l - an uncursed ring of flight
 w - an uncursed ring of protection from cold
 y - a +5 ring of evasion (left hand)
 C - a ring of poison resistance (right hand)
Wands
 m - a wand of iceblast (9/15)
 r - a wand of paralysis (6/24)
 x - a wand of disintegration (7/24)
 E - a wand of digging (6/24)
 F - a wand of iceblast (3/15)
Scrolls
 f - a scroll of teleportation
 g - a scroll of amnesia
 i - 3 scrolls of remove curse
 o - 4 scrolls of magic mapping
 p - 2 scrolls of immolation
Potions
 k - 3 potions of brilliance
 t - a potion of curing
 v - 4 potions of flight
 z - a potion of cancellation
Books
 b - a book of Changes

   Spells                             Type                      Level
   a - Beastly Appendage              Transmutation                1
   b - Sticks to Snakes               Transmutation                2
   c - Spider Form                    Transmutation/Poison         3
   d - Ice Form                       Ice/Transmutation            4
   e - Blade Hands                    Transmutation                5
 u - a book of Frost

   Spells                             Type                      Level
   a - Freeze                         Ice                          1
   b - Throw Frost                    Conjuration/Ice              2
   c - Ozocubu's Armour               Charms/Ice                   3
   d - Throw Icicle                   Conjuration/Ice              4
   e - Summon Ice Beast               Ice/Summoning                4
 I - a book of Power

   Spells                             Type                      Level
   a - Iskenderun's Battlesphere      Conjuration/Charms           5
   b - Venom Bolt                     Conjuration/Poison           5
   c - Bolt of Magma                  Conjuration/Fire/Earth       5
   d - Iron Shot                      Conjuration/Earth            6
   e - Orb of Destruction             Conjuration                  7
   f - Spellforged Servitor           Conjuration/Summoning        7
Comestibles
 c - 8 bread rations
 d - 6 meat rations
 q - 4 royal jellies
 H - 2 chunks of flesh


   Skills:
 - Level 1.1 Fighting
 - Level 10.0 Polearms
 - Level 5.0 Dodging
 + Level 4.4 Stealth
 - Level 4.2 Unarmed Combat
 + Level 7.3 Spellcasting
 + Level 8.8 Conjurations
 - Level 4.0 Transmutations
 - Level 8.3 Evocations


You had 13 spell levels left.
You knew the following spells:

 Your Spells              Type           Power        Failure   Level  Hunger
a - Beastly Appendage     Tmut           ###...       2%          1    None
b - Throw Frost           Conj/Ice       ###...       1%          2    None
c - Throw Icicle          Conj/Ice       ###.....     5%          4    ####...
d - Sticky Flame          Conj/Fire      ###.....     5%          4    ####...


Dungeon Overview and Level Annotations

Branches:
Dungeon (11/15)            Temple (1/1) D:5            Lair (0/6) D:8
    Orc (0/2) D:10

Altars:
Cheibriados
Elyvilon
Hepliaklqana
Kikubaaqudgha
Makhleb
Nemelex Xobeh
Okawaru
Qazlal
Ru
Sif Muna
Trog
Vehumet
Yredelemnul
The Shining One

Shops:
D:8 ([**}   D:11 [((

Annotations:
D:7 Prince Ribbit
D:11 Snorg
Abyss:1 Erolcha, Gastronok


Innate Abilities, Weirdness & Mutations

You can breathe bolts of dispelling energy.
Your rich purple scales are hard. (AC +7)
You cannot fit into any form of body armour.
You are cold-blooded and may be slowed by cold attacks.
You can translocate small distances at will.
Your flesh is cold resistant. (rC+)
You have an increased reservoir of magic. (+10% MP)
You are weak. (Str -2)


Message History

Evoke which item? (* to show all) (? for menu, Esc to quit)
Okay, then.
Evoke which item? (* to show all) (? for menu, Esc to quit)
Aiming: Iceblast
Press: ? - help, Shift-Dir - straight line, f/p - Snorg
Aim: Snorg (moderately wounded, berserk, fast, unusually strong)
The mass of ice explodes!
The iceblast engulfs Snorg.
Snorg is heavily wounded.
This wand has 9 charges left.
Evoke which item? (* to show all) (? for menu, Esc to quit)
Okay, then.
Attack whom?
Press: ? - help, Dir - move target cursor, f/p - Snorg
Aim: Snorg (moderately wounded, berserk, fast, unusually strong)
You reach to attack!
You barely miss Snorg.
Snorg is moderately wounded.
Snorg closely misses you. Snorg misses you. Snorg claws you!
* * * LOW HITPOINT WARNING * * *
Snorg bites you!
You die...

........÷### #........#
..##.....#### #.....##.#
..##........# #........#
..##...#..#.# #........#
............###.....#..#
##..............#......#
#.##..###..##(.#......#
#.##...........#T..>..#
#....#####.....@......#
## . #...∩........# .#
#.....#......# .#
#............# .#
#########....# ## #....#
# #####....# #
#......#.# + #......#.#


You could see Snorg (berserk).

Vanquished Creatures
  2 two-headed ogres
  Erica (D:9)
  Psyche (D:8)
  A troll (D:9)
  2 hippogriffs (D:11)
  Sigmund (D:6)
  A wraith (D:10)
  8 yaks
  2 hogs (D:8)
  2 wargs (D:10)
  A sky beast (D:10)
  5 black bears
  An orc warrior (D:6)
  2 ice beasts
  4 ogres
  2 centaurs
  A crocodile (D:11)
  4 bullfrogs
  A scorpion (D:11)
  7 killer bees
  3 howler monkeys
  3 wights (D:10)
  6 crimson imps
  A quasit (D:7)
  2 jellies
  2 hounds
  5 bullfrog skeletons
  2 gnoll shamans
  4 orc priests
  3 centaur skeletons
  3 iguanas
  10 orc wizards
  10 worker ants
  11 gnolls
  18 adders
  A shadow imp (D:5)
  2 oozes
  3 worms
  3 dart slugs
  3 leopard geckos
  41 orcs
  4 giant cockroaches
  9 goblins
  11 hobgoblins
  12 jackals
  6 quokkas
  9 bats
  9 frilled lizards
  14 kobolds
  2 leopard gecko skeletons (D:5)
  8 rats
  A spectral orc (D:6)
270 creatures vanquished.

Vanquished Creatures (others)
  A hornet (D:10)
  A hippogriff (D:10)
  5 yaks (D:9)
  A human (D:8)
  3 orc warriors
  An ice beast (D:7)
  3 ogres
  A bullfrog (D:6)
  A scorpion (D:8)
  3 killer bees (D:10)
  A hound (D:8)
  An orc priest (D:3)
  An iguana (D:9)
  A worker ant zombie (D:5)
  A gnoll (D:7)
  A leopard gecko (D:3)
  2 orcs
  A kobold (D:2)
  A frilled lizard (D:4)
30 creatures vanquished.

Grand Total: 300 creatures vanquished

Notes
Turn   | Place    | Note
-------+----------+-------------------------------------------
     0 | D:1      | KristoblXynda the Draconian Transmuter began the quest for the Orb.
     0 | D:1      | Reached XP level 1. HP: 16/16 MP: 3/3
   149 | D:1      | Reached XP level 2. HP: 19/23 MP: 3/5
   566 | D:1      | Reached XP level 3. HP: 27/28 MP: 6/6
  1400 | D:2      | Found a hazy altar of Hepliaklqana.
  1677 | D:2      | Reached skill level 1 in Polearms
  1677 | D:2      | Reached XP level 4. HP: 16/35 MP: 5/7
  1927 | D:2      | Found a sparkling altar of Nemelex Xobeh.
  1947 | D:2      | Found a radiant altar of Vehumet.
  2531 | D:3      | Reached XP level 5. HP: 35/40 MP: 8/8
  2821 | D:3      | Reached skill level 2 in Polearms
  3038 | D:3      | Found a bloodstained altar of Trog.
  3200 | D:2      | Became a worshipper of Vehumet
  3502 | D:4      | Reached XP level 6. HP: 44/47 MP: 9/9
  4054 | D:5      | Entered Level 5 of the Dungeon
  4148 | D:5      | Noticed an ice beast
  4161 | D:5      | Reached skill level 3 in Polearms
  4163 | D:5      | Your scales start taking on a rich purple colour.
  4163 | D:5      | Reached XP level 7. HP: 52/52 MP: 11/13
  4294 | D:5      | Reached skill level 4 in Polearms
  4466 | D:5      | Reached * piety under Vehumet
  4466 | D:5      | Offered knowledge of Sandblast by Vehumet.
  4466 | D:5      | Reached skill level 5 in Spellcasting
  4761 | D:5      | Found a staircase to the Ecumenical Temple.
  4875 | Temple   | Entered the Ecumenical Temple
  4947 | D:6      | Noticed Sigmund
  4951 | D:6      | Found a stormy altar of Qazlal.
  4969 | D:6      | Killed Sigmund
  4969 | D:6      | Reached skill level 5 in Polearms
  4969 | D:6      | Reached XP level 8. HP: 38/59 MP: 14/16
  5366 | D:6      | Got a brightly glowing flail
  5386 | D:6      | Reached skill level 5 in Dodging
  5418 | D:6      | Found a white marble altar of Elyvilon.
  5479 | D:6      | Reached skill level 1 in Evocations
  5925 | D:6      | Reached skill level 6 in Polearms
  5931 | D:6      | Learned a level 2 spell: Throw Frost
  6018 | D:6      | Found a basalt altar of Yredelemnul.
  6140 | D:7      | Noticed Prince Ribbit
  6171 | D:7      | Identified a scroll of acquirement
  6189 | D:7      | Reached skill level 1 in Conjurations
  6192 | D:7      | Offered knowledge of Magic Dart by Vehumet.
  6199 | D:7      | Reached ** piety under Vehumet
  6333 | D:7      | Reached XP level 9. HP: 49/64 MP: 19/19
  6734 | D:7      | Offered knowledge of Ignite Poison by Vehumet.
  7210 | D:7      | Found an ancient bone altar of Kikubaaqudgha.
  7372 | D:8      | Found Leydor's Assorted Antiques.
  7378 | D:8      | Found Nynec's Gadget Shoppe.
  7395 | D:8      | Reached skill level 7 in Polearms
  7429 | D:8      | You fall through a shaft!
  7731 | D:9      | Reached skill level 5 in Evocations
  7766 | D:9      | Noticed Erolcha
  7777 | D:9      | Banished Erolcha
  7794 | D:9      | Noticed a troll
  7807 | D:9      | Killed a troll
  7807 | D:9      | Reached skill level 8 in Polearms
  7807 | D:9      | Reached skill level 5 in Conjurations
  7967 | D:9      | Noticed Erica
  8034 | D:9      | Reached XP level 10. HP: 42/71 MP: 20/20
  8147 | D:9      | Found a deep blue altar of Sif Muna.
  8285 | D:8      | Found Tilocisk's Armour Boutique.
  8285 | D:8      | Found a staircase to the Lair.
  8490 | D:8      | Noticed Psyche
  8506 | D:8      | Killed Psyche
  8519 | D:8      | Reached *** piety under Vehumet
  8675 | D:8      | Learned a level 4 spell: Throw Icicle
  8686 | D:8      | Found Aryhuita's General Store.
  8687 | D:8      | Found a burning altar of Makhleb.
  8692 | D:8      | Bought a +1 pair of gloves of strength for 214 gold pieces
  8742 | D:8      | Found Vyataodgh's Antique Weapon Shoppe.
  9038 | D:8      | Found a glowing golden altar of the Shining One.
  9041 | D:8      | Found a sacrificial altar of Ru.
  9145 | D:8      | Found an iron altar of Okawaru.
  9272 | D:9      | Reached skill level 9 in Polearms
  9489 | D:9      | Noticed Gastronok
  9505 | D:9      | Gained mutation: Your flesh is cold resistant. (rC+) [potion of mutation]
  9505 | D:9      | Gained mutation: You are weak. (Str -2) [potion of mutation]
  9505 | D:9      | Gained mutation: You have an increased reservoir of magic. (+10% MP) [potion of mutation]
  9505 | D:9      | Gained mutation: You can translocate small distances at will. [potion of mutation]
  9576 | D:9      | Killed Erica
  9734 | D:9      | Banished Gastronok
 10279 | D:10     | Entered Level 10 of the Dungeon
 10383 | D:10     | Reached XP level 11. HP: 77/77 MP: 23/23
 10401 | D:10     | Reached skill level 1 in Stealth
 10426 | D:10     | Offered knowledge of Sticky Flame by Vehumet.
 10739 | D:10     | Noticed a two-headed ogre
 10763 | D:10     | Killed a two-headed ogre
 10766 | D:10     | Found a staircase to the Orcish Mines.
 10927 | D:10     | Reached **** piety under Vehumet
 11072 | D:10     | Learned a level 4 spell: Sticky Flame
 11186 | D:10     | Reached skill level 10 in Polearms
 11824 | D:11     | Found Wanumesk's Antique Weapon Shoppe.
 11839 | D:11     | Offered knowledge of Irradiate by Vehumet.
 11952 | D:11     | Noticed a two-headed ogre
 11969 | D:11     | Killed a two-headed ogre
 12050 | D:11     | Found a snail-covered altar of Cheibriados.
 12191 | D:11     | Found Qoweten's Armour Boutique.
 12236 | D:11     | Noticed a brown ugly thing
 12275 | D:11     | Noticed Snorg
 12276 | D:11     | Found Ojyi's Weapon Shop.
 12304 | D:11     | HP: 2/77 [Snorg (12)]
 12306 | D:11     | Mangled by Snorg

Vault maps used:
D:1:      ncdulo_wetmaze, amethyst_killhole, minmay_vboxes
D:2:      wad_crossroads, nemelex_altar_shiori, overflow_temple_1_default,
          vehumet_crystals
D:3:      nicolae_overflow_hidden_temple
D:5:      minmay_temple_entry_poolview, first_bread
D:6:      yredelemnul_forgotten_temple_becter, elyvilon_altar_1,
          grunt_qazlal_sundering, uniq_sigmund
D:7:      kiku_gazebo_pond_becter, uniq_prince_ribbit1
D:8:      okawaru_altar_gauntlet_db, grunt_temple_overflow_open,
          lair_entry_dummy, serial_shops, shop, nicolae_shop_crystal,
          nicolae_shop_overgrown_old_shop, shop, shop_fountains,
          grunt_livestock, uniq_psyche
D:9:      led_sif_pool, uniq_gastronok, uniq_erolcha, uniq_erica
D:10:     erik_orc_4
D:11:     hangedman_cross_cluster, serial_shops, nicolae_shop_stone, shop, shop,
          shop, uniq_snorg
Temple:   jpeg_temple_island

Skill      XL: |  1  2  3  4  5  6  7  8  9 10 11 |
---------------+----------------------------------+-----
Dodging        | 2 3 4 5 |  5.0
Transmutations | 3 4 |  4.0
Polearms       | 1 2 3 5 6 8 9 10 | 10.0
Unarmed Combat | 4 |  4.2
Spellcasting   | 4 5 6 7 |  7.3
Evocations     | 3 6 8 |  8.3
Conjurations   | 1 5 7 8 |  8.8
Stealth        | 4 |  4.4
Fighting       | |  1.1

Action                   |  1- 3 |  4- 6 |  7- 9 | 10-12 || total
-------------------------+-------+-------+-------+-------++-------
Melee: Unarmed           |   110 |       |       |       ||   110
       Tailslap          |    12 |    20 |    41 |    57 ||   130
       Kick              |     4 |       |       |       ||     4
       Spear             |    39 |   166 |   369 |   467 ||  1041
       Punch             |       |     3 |     7 |     9 ||    19
 Cast: Beastly Appendage |     3 |       |       |       ||     3
       Throw Frost       |       |       |       |    10 ||    10
       Sticky Flame      |       |       |       |     1 ||     1
 Abil: Breathe Dispellin |       |       |     8 |     4 ||    12
Evoke: Wand              |       |       |     8 |    14 ||    22
  Use: Scroll            |     3 |    11 |     6 |     9 ||    29
       Potion            |       |     1 |     5 |     8 ||    14
 Stab: Sleeping          |       |     2 |       |     3 ||     5
       Invisible         |       |       |     1 |       ||     1
       Paralysed         |       |       |     3 |    12 ||    15
       Distracted        |       |       |       |     1 ||     1
  Eat: Fruit             |     3 |       |     3 |       ||     6
       Chunk             |       |     6 |     4 |    13 ||    23
       Royal jelly       |       |     1 |     1 |     1 ||     3
       Meat ration       |       |       |     1 |       ||     1
Armor: Skin              |    55 |    48 |    69 |    60 ||   232
Dodge: Dodged            |   116 |    95 |   349 |   284 ||   844

Table legend:
 A = Spawn XP
 B = Non-spawn XP
 C = Spawn XP percentage of total XP
 D = Spawn monster count
 E = Non-spawn monster count
 F = Spawn count percentage of total count
 G = Total turns spent on level
                    A         B        C        D         E        F      G
               +---------+---------+-------+---------+---------+-------+---------
         Total |       0 |   16878 |   0.0 |       0 |     302 |   0.0 | 12306
               +---------+---------+-------+---------+---------+-------+---------
           D:1 |       0 |      64 |   0.0 |       0 |      38 |   0.0 |  1426
           D:2 |       0 |     124 |   0.0 |       0 |      18 |   0.0 |  1166
           D:3 |       0 |     148 |   0.0 |       0 |      26 |   0.0 |   770
           D:4 |       0 |     156 |   0.0 |       0 |      10 |   0.0 |   692
           D:5 |       0 |     922 |   0.0 |       0 |      20 |   0.0 |   862
           D:6 |       0 |    1000 |   0.0 |       0 |      27 |   0.0 |  1219
           D:7 |       0 |    1199 |   0.0 |       0 |      34 |   0.0 |  1221
           D:8 |       0 |    2501 |   0.0 |       0 |      30 |   0.0 |  1030
           D:9 |       0 |    4236 |   0.0 |       0 |      22 |   0.0 |  1891
          D:10 |       0 |    4286 |   0.0 |       0 |      50 |   0.0 |  1490
          D:11 |       0 |    2242 |   0.0 |       0 |      27 |   0.0 |   537
               +---------+---------+-------+---------+---------+-------+---------
